 Dungeon Crawl Stone Soup version 0.19-a0-1051-gdb7e7f8 (webtiles) character file.

53 JeffiDaFish the Firebug (level 3, 0/27 HPs)
             Began as a Hill Orc Fire Elementalist on Aug 1, 2016.
             Slain by a gnoll
             ... wielding a +0 whip
              (6 damage)
             ... on level 2 of the Dungeon.
             The game lasted 00:07:05 (1574 turns).

JeffiDaFish the Firebug (HOFE)                      Turns: 1574, Time: 00:07:05

Health: 0/27       AC:  2    Str: 10    XL:     3   Next: 87%
Magic:  0/5        EV: 12    Int: 16    God:
Gold:   19         SH:  0    Dex: 11    Spells: 2 memorised, 2 levels left

rFire  . . .     SeeInvis .     g - +0 dagger
rCold  . . .     Gourm    .     a - +0 robe
rNeg   . . .     Faith    .     (no shield)
rPois  .         Spirit   .     (no helmet)
rElec  .         Dismiss  .     (no cloak)
rCorr  .         Reflect  .     (no gloves)
SustAt .         Harm     .     (no boots)
MR     .....                    (no amulet)
Stlth  ++........               (no ring)
                                (no ring)

@: very slightly contaminated, not resistant to hostile enchantments, unstealthy
A: no striking features
a: no special abilities


You were on level 2 of the Dungeon.
You were not hungry.

You visited 1 branch of the dungeon, and saw 2 of its levels.

You collected 19 gold pieces.

Inventory:

Hand Weapons
 g - a +0 dagger (weapon)
Armour
 a - a +0 robe (worn)
Scrolls
 e - a scroll of identify {unknown}
 h - a scroll of enchant weapon {unknown}
 k - a scroll of random uselessness {unknown}
 l - a scroll of immolation {unknown}
 n - a scroll of teleportation {unknown}
Potions
 d - 2 potions of curing
 i - a potion of might {unknown}
 j - a potion of flight {unknown}
 m - a potion of berserk rage {unknown}
Books
 b - a book of Flames

   Spells                             Type                      Level
   a - Flame Tongue                   Conjuration/Fire             1
   b - Throw Flame                    Conjuration/Fire             2
   c - Conjure Flame                  Conjuration/Fire             3
   d - Inner Flame                    Hexes/Fire                   3
   e - Sticky Flame                   Conjuration/Fire             4
   f - Fireball                       Conjuration/Fire             5
Comestibles
 c - 2 bread rations
 f - 3 chunks of flesh


   Skills:
 + Level 0.8 Fighting
 + Level 2.1 Dodging
 + Level 1.8 Stealth
 + Level 1.9 Spellcasting
 + Level 1.6 Conjurations
 + Level 3.8 Fire Magic


You had 2 spell levels left.
You knew the following spells:

 Your Spells              Type           Power        Failure   Level  Hunger
a - Flame Tongue          Conj/Fire      ##...        10%         1    #......
b - Throw Flame           Conj/Fire      ##....       12%         2    ###....


Dungeon Overview and Level Annotations

Branches:
Dungeon (2/15)

Altars:


Message History

Aiming: Flame Tongue
Press: ? - help, Shift-Dir - straight line, f/p - gnoll
Aim: a gnoll, wielding a whip (moderately wounded)
You miscast Flame Tongue.
Nothing appears to happen.
Casting: Flame Tongue
Confirm with . or Enter, or press ? or * to list all spells.
Aiming: Flame Tongue
Press: ? - help, Shift-Dir - straight line, f/p - gnoll
Aim: a gnoll, wielding a whip (moderately wounded)
The flame tongue hits the gnoll.
The gnoll appears unharmed.
The gnoll is moderately wounded.
The gnoll hits you with a whip.
* * * LOW HITPOINT WARNING * * *
Casting: Flame Tongue
Confirm with . or Enter, or press ? or * to list all spells.
You don't have enough magic to cast that spell.
You struggle against the net.
The gnoll hits you but does no damage.
You struggle against the net.
The gnoll barely misses you.
You rip the net and break free!
The gnoll hits you with a whip.
You die...

#.......................#.
#.##.#.####.##...#.#..#.#.
# #......#..............#
###.##(####.#.#.#.##..#
#.##.# #.#.#.#.##..#
#.##.# #.#.#.#.##..#
#.##.# .......([ ...#.#
#.#.##..# ####@# #. #..#
#g# #..# #.# . #.# .
#........... #..........g
#........... #........g..
#...........


You could see a gnoll.

Vanquished Creatures
  A gnoll (D:2)
  An adder (D:2)
  2 dart slugs
  A giant gecko (D:2)
  3 bats (D:1)
  3 giant cockroaches (D:2)
  4 goblins
  6 hobgoblins
  A giant newt (D:1)
  3 kobolds (D:1)
  3 rats (D:1)
28 creatures vanquished.

Notes
Turn   | Place    | Note
-------+----------+-------------------------------------------
     0 | D:1      | JeffiDaFish the Hill Orc Fire Elementalist began the quest for the Orb.
     0 | D:1      | Reached XP level 1. HP: 14/14 MP: 3/3
   510 | D:1      | Reached XP level 2. HP: 20/20 MP: 1/4
   738 | D:1      | Learned a level 2 spell: Throw Flame
  1029 | D:2      | Reached XP level 3. HP: 13/26 MP: 5/5
  1574 | D:2      | Slain by a gnoll

Vault maps used:
D:1:      dpeg_arrival_round_b
D:2:      lemuel_doored_altar, minmay_misc_feat_rows, fedhas_altar_fruit_tree

Skill      XL: |  1  2  3 |
---------------+----------+-----
Dodging        | 2 |  2.1
Fighting       | |  0.8
Stealth        | |  1.8
Spellcasting   | |  1.9
Conjurations   | |  1.6
Fire Magic     | |  3.8

Action                   || total
-------------------------++-------
Melee: Unarmed           ||    49
       Dagger            ||    70
 Cast: Flame Tongue      ||    32
       Throw Flame       ||     1
  Use: Potion            ||     2
       Scroll            ||     1
 Stab: Sleeping          ||     2
  Eat: Chunk             ||     3
Armor: Robe              ||    16
Dodge: Dodged            ||    89
